 Dungeon Crawl Stone Soup version 0.29.1-2-gbd0b4ee654 (webtiles) character file.

Game seed: 14887189339980766969

6 bullfish the Slasher (level 1, 0/17 HPs)
             Began as a Draconian Gladiator on Nov 14, 2022.
             Frozen to death by an endoplasm (3 damage)
             ... on level 1 of the Dungeon.
             The game lasted 00:01:00 (399 turns).

bullfish the Slasher (Draconian Gladiator)           Turns: 399, Time: 00:01:01

Health: 0/17       AC:  4    Str: 16    XL:     1   Next: 75%
Magic:  1/1        EV: 12    Int:  8    God:
Gold:   28         SH:  0    Dex: 12    Spells: 0/0 levels left

rFire   . . .      SeeInvis .   a - +0 long sword
rCold   . . .      Faith    .   (no shield)
rNeg    . . .      Spirit   .   (body armour unavailable)
rPois   .          Reflect  .   b - +0 hat
rElec   .          Harm     .   (no cloak)
rCorr   .          Rampage  .   (no gloves)
Will    .....                   (no boots)
Stlth   +.........              (no amulet)
HPRegen 0.05/turn               (no ring)
MPRegen 0.07/turn               (no ring)

@: slowed, very slow
A: AC +4, unfitting armour, cold-blooded
a: no special abilities


You were on level 1 of the Dungeon.
You visited 1 branch of the dungeon, and saw 1 of its levels.

You collected 28 gold pieces.

Inventory:

Hand Weapons
 a - a +0 long sword (weapon)
Missiles
 c - 3 throwing nets
 d - a javelin
 g - a stone (quivered)
Armour
 b - a +0 hat (worn)
Scrolls
 h - a scroll of fog {unknown}
 i - a scroll of identify {unknown}
Potions
 e - 2 potions of might {unknown}
 f - a potion of experience {unknown}


   Skills:
 - Level 2.1 Fighting
 + Level 3.4 Long Blades
 - Level 1.7 Throwing
 - Level 2.6 Dodging


You couldn't memorise any spells.
You didn't know any spells.
Your spell library was empty.

Dungeon Overview and Level Annotations

Branches:
Dungeon (1/15)

Altars:


Innate Abilities, Weirdness & Mutations

Your plain brown scales are hard. (AC +4)
You cannot fit into any form of body armour.
You are cold-blooded and may be slowed by cold attacks.


Message History

You barely miss the hobgoblin. You tail-slap the hobgoblin.
The hobgoblin is moderately wounded.
The hobgoblin closely misses you.
You slash the hobgoblin!
You kill the hobgoblin!
Found a stone staircase leading down.
Found a stone staircase leading down.
There is a stone staircase leading down here.
You now have 4 gold pieces.
A bat comes into view.
Throw: 2 stones
Press: ? - help, Q - select action, (/) - cycle Shift-Dir - straight line, f - bat
Aim: a bat (asleep, 98% to hit)
You throw a stone. The stone hits the bat.
You kill the bat!
Found a stone staircase leading down.
h - a scroll labelled ZUTSOI YFEVYTU You now have 16 gold pieces (gained 12).
i - a scroll labelled CUB VAFUHAO
e - 2 fuming green potions (gained 1)
You now have 28 gold pieces (gained 12).
An endoplasm comes into view.
Found 3 poisoned darts.
The endoplasm quivers.
Okay, then.
The endoplasm freezes you.
You are frozen.
You feel yourself slow down.
You hit the endoplasm but do no damage. The endoplasm freezes you.
You are frozen.
You feel as though you will be slow longer.
The endoplasm freezes you.
You are frozen.
* * * LOW HITPOINT WARNING * * *
You hit the endoplasm.
You tail-slap the endoplasm, but do no damage.
The endoplasm is heavily wounded.
The endoplasm freezes you.
You are frozen.
You die...

#..#(..#...#.
#....#...#....
##.#....#....#..
#.....#...#.....
##.#.#.$.....#.#.
#.......#.#......
#.#...#.....#...#
#...#....#J...#..
#.#...#..@..#...#
#.......#.#......
##.#.#.......#.#...
#.....#...#.....#..
##.#....#....#....#. .
#.....#...#.....#...#. .
##.#.#.......#.#....... #
#.......#.#.......#.#..#.#
#.#...#.....#...#......#..


You could see an endoplasm.

Vanquished Creatures
  A giant cockroach (D:1)
  A hobgoblin (D:1)
  A bat (D:1)
  A frilled lizard (D:1)
  2 kobolds (D:1)
6 creatures vanquished.

Notes
Turn   | Place    | Note
-------+----------+-------------------------------------------
     0 | D:1      | bullfish the Draconian Gladiator began the quest for the
                  | Orb.
     0 | D:1      | Reached XP level 1. HP: 17/17 MP: 1/1
   399 | D:1      | Frozen to death by an endoplasm

Illustrated notes

Levels and vault maps discovered:
D:1:      mrwooster_arrival_statue_2, layout_loops_ring,
          chequers_ecumenical_altar_grove, minmay_misc_feat_ornament,
          nicolae_kite_square_tiling_tiny

Action                   || total
-------------------------++-------
Melee: Long sword        ||    12
       Tailslap          ||     2
Throw: Stone             ||     2
Armor: Skin              ||     4
Dodge: Dodged            ||     4
